 Dungeon Crawl Stone Soup version 0.19-a0-1008-g4c63d25 (console) character file.

146163 brucemayne the Severer (level 16, 0/122 HPs)
             Began as a Vampire Berserker on July 23, 2016.
             Was an Elder of Trog.
             Succumbed to a vault warden's poison
             ... on level 2 of the Vaults.
             The game lasted 01:51:26 (16668 turns).

brucemayne the Severer (Vampire Berserker)         Turns: 16668, Time: 01:51:27

Health: 0/122      AC: 27    Str: 23    XL:     16   Next: 59%
Magic:  3/16       EV: 17    Int: 12    God:    Trog [****..]
Gold:   2055       SH:  0    Dex: 14    Spells: 0 memorised, 15 levels left

rFire  . . .     SeeInvis +     S - +6 battleaxe (elec)
rCold  + . .     Gourm    .     R - +4 plate armour {rC+}
rNeg   + . .     Faith    .     (shield currently unavailable)
rPois  .         Spirit   +     V - +1 helmet
rElec  .         Dismiss  .     i - +0 cloak
rCorr  +         Reflect  .     O - +0 pair of gloves {Str+3}
SustAt .         Harm     .     v - +2 pair of boots
MR     +....                    n - amulet of guardian spirit
Stlth  ..........               U - ring of resist corrosion
                                K - +4 ring of evasion

@: lethally poisoned (0 -> -35), exhausted, slowed, very slow, somewhat
resistant to hostile enchantments, extremely unstealthy
A: fangs 3, see invisible, unbreathing
a: Bat Form, Berserk, Trog's Hand, Brothers in Arms, Burn Spellbooks, Renounce
Religion
}: 1/15 runes: barnacled


You were on level 2 of the Vaults.
You worshipped Trog.
Trog was greatly pleased with you.
You were not thirsty.

You visited 6 branches of the dungeon, and saw 31 of its levels.
You also visited: Ossuary and Volcano.

You collected 2324 gold pieces.
You spent 269 gold pieces at shops.

Inventory:

Hand Weapons
 j - a +0 blowgun
 o - a +4 battleaxe of flaming
 s - a +4 antimagic broad axe
 S - a +6 battleaxe of electrocution (weapon)
Missiles
 a - 16 javelins of returning
 p - 6 curare-tipped needles
 y - 3 throwing nets (quivered)
Armour
 d - a +0 shield
 i - a +0 cloak (worn)
 v - a +2 pair of boots (worn)
 O - a +0 pair of gloves of strength (worn)
 R - a +4 plate armour of cold resistance (worn)
 V - a +1 helmet (worn)
Jewellery
 c - an uncursed ring of ice
 n - an amulet of guardian spirit (around neck)
 K - a +4 ring of evasion (left hand)
 U - a ring of resist corrosion (right hand)
 Y - an uncursed amulet of regeneration
Wands
 b - a wand of acid (9/15)
 k - a wand of digging (5/24)
 u - a wand of iceblast (8/15)
 B - a wand of acid (9/15)
Scrolls
 f - 5 scrolls of remove curse
 h - a scroll of enchant armour
 q - 3 scrolls of enchant weapon
 t - 3 scrolls of teleportation
 z - a scroll of summoning
 J - 2 scrolls of recharging
Potions
 l - 3 potions of might
 m - a potion of haste
 A - 5 potions of agility
 E - 2 potions of ambrosia
 G - a potion of invisibility
 M - 26 potions of blood
 X - a potion of resistance
Books
 e - a book of Unlife

   Spells                             Type                      Level
   a - Recall                         Summoning/Translocation      3
   b - Animate Dead                   Necromancy                   4
   c - Control Undead                 Necromancy                   4
   d - Cigotuvi's Embrace             Necromancy                   5
   e - Death Channel                  Necromancy                   6
   f - Simulacrum                     Ice/Necromancy               6
   Trog disapproves of the use of such an item.
 r - a book of Flames

   Spells                             Type                      Level
   a - Flame Tongue                   Conjuration/Fire             1
   b - Throw Flame                    Conjuration/Fire             2
   c - Conjure Flame                  Conjuration/Fire             3
   d - Inner Flame                    Hexes/Fire                   3
   e - Sticky Flame                   Conjuration/Fire             4
   f - Fireball                       Conjuration/Fire             5
   Trog disapproves of the use of such an item.
 C - a book of Annihilations

   Spells                             Type                      Level
   a - Poison Arrow                   Conjuration/Poison           6
   b - Chain Lightning                Conjuration/Air              8
   c - Lehudib's Crystal Spear        Conjuration/Earth            8
   d - Glaciate                       Conjuration/Ice              9
   e - Fire Storm                     Conjuration/Fire             9
   Trog disapproves of the use of such an item.


   Skills:
 + Level 10.2 Fighting
 - Level 20.1 Axes
 - Level 9.8 Armour
 + Level 13.1 Dodging


You had 15 spell levels left.
You didn't know any spells.

Dungeon Overview and Level Annotations

Branches:
Dungeon (15/15)            Temple (1/1) D:7            Lair (6/6) D:8
 Shoals (4/4) Lair:2       Spider (0/4) Lair:2        Slime (0/5) Lair:5
    Orc (2/2) D:10            Elf (0/3) Orc:2        Vaults (3/5) D:14
  Crypt: Vaults:2-3  Depths: D:15

Altars:
Ashenzari
Dithmenos
Fedhas
Gozag
Kikubaaqudgha
Makhleb
Qazlal
Sif Muna
Trog
Uskayaw
The Shining One
Beogh

Shops:
D:4 (   D:13 }   Orc:2 (*:(

Portals:
Hell: Lair:6

Annotations:
D:5 Grinder
Lair:3 exclusion: 2 upstairs
Shoals:1 exclusion: Roxanne, Roxanne
Vaults:3 Sojobo


Innate Abilities, Weirdness & Mutations

You have razor-sharp teeth.
You have supernaturally acute eyesight. (SInv)
You can survive without breathing.


Message History

Trog accepts your kill.
Your blood-deprived body can't sustain your rage any longer.
You are feeling thirsty.
* * * LOW HITPOINT WARNING * * *
You feel sick.
You are no longer berserk.
You are exhausted.
You feel yourself slow down.
You are feeling very thirsty.
Things that are here:
a battleaxe of venom; a plate armour; a human corpse
Okay, then.
Use e to drain blood from corpses.
Yummy - fresh blood!
Your skin stops crawling.
You feel less resistant to hostile enchantments.
* * * LOW HITPOINT WARNING * * *
You feel very sick.
Yummy - fresh blood!
You die...

'####..# #....# .'.....#
#....# .'.....# #....#
######## #....# #....#
#....# #....# #()..#
#@)..#
################.)..###
...............)........
........................
########################


There were no monsters in sight!

Vanquished Creatures
  Jorgrun (Vaults:3)
  A sphinx (Vaults:2)
  Donald (Orc:2)
  A fire giant (Vaults:3)
  Ilsuiw (Shoals:4)
  3 vault wardens
  A large abomination (Vaults:1)
  3 ironheart preservers (Vaults:1)
  2 stone giants (Vaults:2)
  A dire elephant (Lair:6)
  6 merfolk javelineers (Shoals:4)
  A deep elf death mage (Vaults:1)
  6 merfolk impalers (Shoals:4)
  2 yaktaur captains (Vaults:2)
  A vault guard (D:14)
  An alligator snapping turtle (Shoals:4)
  A merfolk avatar (Shoals:2)
  A catoblepas (Lair:2)
  4 hydras
  2 merfolk aquamancers (Shoals:4)
  2 death knights
  2 centaur warriors (Vaults:1)
  A deep troll shaman (Vaults:1)
  5 ogre magi
  A deep troll earth mage (Vaults:1)
  A sun demon (Lair:6)
  2 deep elf knights (Vaults:1)
  A salamander mystic (Volcano)
  2 skeletal warriors
  2 unseen horrors
  3 deep trolls (Vaults:1)
  11 sea snakes
  5 wizards
  A storm dragon skeleton (Vaults:2)
  A deep elf archer (Vaults:1)
  An ironbrand convoker (Vaults:1)
  3 orc knights
  Pikel (D:4)
  A necromancer (D:14)
  12 harpies
  2 griffons (Shoals:2)
  2 fauns (Shoals:2)
  3 cyclopes
  A deep elf mage (Vaults:1)
  4 manticores
  A wolf spider (Vaults:1)
  5 salamanders (Volcano)
  8 ugly things
  4 sirens (Shoals:4)
  4 elephants (Lair:5)
  A vault sentinel (Vaults:2)
  3 black mambas
  A water nymph (Shoals:4)
  A smoke demon (Lair:6)
  Psyche (D:10)
  7 spiny frogs
  4 orange demons (Lair:6)
  10 komodo dragons
  5 rime drakes
  4 centaur skeletons
  14 yaktaurs
  4 ice devils (Lair:6)
  5 kobold demonologists
  A hellwing (Lair:6)
  A meliai (shapeshifter) (Vaults:1)
  A freezing wraith (Vaults:2)
  A red devil (Lair:6)
  A tengu conjurer (D:13)
  A merfolk (shapeshifter) (Vaults:2)
  A troll (D:13)
  13 two-headed ogres
  A wind drake (Shoals:3)
  2 polar bears (Lair:4)
  Prince Ribbit (D:5)
  16 merfolk
  A boulder beetle (Lair:2)
  A wind drake (shapeshifter) (Vaults:3)
  5 slime creatures (Vaults:2)
  A fire giant simulacrum (Vaults:2)
  11 blink frogs
  3 snapping turtles
  9 water elementals
  2 spriggans (Lair:5)
  2 wyverns
  4 wraiths
  A vampire (D:13)
  19 humans (D:14)
  24 yaks
  6 hippogriffs
  3 basilisks
  A hungry ghost (D:10)
  4 wargs
  A mottled dragon (Vaults:1)
  A warg (shapeshifter) (Vaults:1)
  A soldier ant (D:12)
  Menkaure (D:5)
  6 water moccasins
  8 porcupines
  14 orc warriors
  7 ice beasts
  A slave (D:4)
  An ettin simulacrum (Vaults:2)
  An ice dragon simulacrum (Vaults:1)
  4 phantoms
  A sky beast (D:9)
  A wasp (Lair:5)
  2 necrophages
  29 ogres
  10 centaurs
  8 boggarts
  5 wolves
  6 big kobolds
  13 crocodiles
  13 giant frogs
  2 wyvern zombies
  6 scorpions
  2 troll zombies (D:10)
  2 vampire bats (D:8)
  11 wights (D:8)
  A wasp zombie (Ossuary)
  A crimson imp (D:6)
  6 centaur zombies
  A quasit (D:14)
  5 hounds
  A gnoll shaman (D:7)
  14 orc priests
  A giant frog skeleton (D:7)
  2 jellies
  11 orc wizards
  8 iguanas
  10 worker ants
  17 sheep
  4 ogre zombies (D:10)
  2 hound zombies (Ossuary)
  A hound skeleton (D:7)
  5 mummies (Ossuary)
  A howler monkey zombie (Ossuary)
  5 worker ant zombies
  A howler monkey skeleton (D:4)
  7 gnolls (D:7)
  63 river rats
  4 adders
  A shadow imp (D:5)
  An ooze (D:6)
  2 adder zombies
  An adder skeleton (D:7)
  A worm (D:5)
  3 dart slugs
  3 giant geckos
  38 orcs
  5 bats
  4 bat skeletons (D:8)
  A bat zombie (D:8)
  6 giant cockroaches
  A goblin (D:1)
  5 hobgoblins
  4 jackals (D:8)
  4 quokkas
  2 ball pythons
  A giant gecko zombie (Ossuary)
  5 giant newts
  2 goblin skeletons (D:10)
  A hobgoblin skeleton (D:10)
  3 hobgoblin zombies (D:10)
  A jackal zombie (D:6)
  9 kobolds
  9 orc zombies (D:10)
  A quokka zombie (Ossuary)
  9 rats
  2 crawling corpses (Vaults:1)
  2 fungi
  6 plants
790 creatures vanquished.

Vanquished Creatures (collateral kills)
  A merfolk (Shoals:4)
  A wind drake (Shoals:4)
2 creatures vanquished.

Vanquished Creatures (others)
  A yaktaur (Vaults:2)
  A phantom (D:4)
  2 orcs
  A ball python (D:4)
  3 fungi
  3 plants
11 creatures vanquished.

Grand Total: 803 creatures vanquished

Notes
Turn   | Place    | Note
-------+----------+-------------------------------------------
     0 | D:1      | brucemayne the Vampire Berserker began the quest for the Orb.
     0 | D:1      | Reached XP level 1. HP: 17/17 MP: 1/1
   142 | D:2      | Reached skill level 3 in Axes
   213 | D:3      | Noticed an orc wizard
   266 | D:2      | Reached XP level 2. HP: 11/23 MP: 2/2
   462 | D:1      | Reached ** piety under Trog
   462 | D:1      | Reached XP level 3. HP: 9/28 MP: 3/3
   607 | D:3      | Reached skill level 4 in Axes
   685 | D:3      | Reached XP level 4. HP: 21/34 MP: 4/4
   826 | D:4      | Reached skill level 5 in Axes
   829 | D:4      | Reached XP level 5. HP: 4/39 MP: 5/5
  1070 | D:4      | Noticed a phantom
  1122 | D:4      | Noticed a slave
  1133 | D:4      | Noticed Pikel
  1133 | D:4      | Noticed a slave
  1133 | D:4      | Noticed a slave
  1137 | D:4      | Noticed a slave
  1302 | D:4      | Killed a slave
  1305 | D:4      | Killed Pikel
  1305 | D:4      | Reached skill level 7 in Axes
  1305 | D:4      | Reached XP level 6. HP: 44/46 MP: 6/6
  1305 | D:4      | Reached XP level 7. HP: 48/51 MP: 7/7
  1362 | D:4      | Found a glowing golden altar of the Shining One.
  1436 | D:4      | Reached skill level 8 in Axes
  1491 | D:4      | Found Soery's Weapon Boutique.
  1512 | D:5      | Entered Level 5 of the Dungeon
  1738 | D:5      | Noticed Prince Ribbit
  1770 | D:5      | Killed Prince Ribbit
  1770 | D:5      | Reached skill level 9 in Axes
  1770 | D:5      | Reached XP level 8. HP: 53/57 MP: 8/8
  1892 | D:5      | Noticed Grinder
  1991 | D:5      | Noticed Menkaure
  1998 | D:5      | Killed Menkaure
  2289 | D:7      | Found a sand-covered staircase.
  2297 | Ossuary  | Entered an ossuary
  2310 | Ossuary  | Reached skill level 10 in Axes
  2562 | Ossuary  | Reached XP level 9. HP: 60/67 MP: 9/9
  2857 | D:6      | Reached skill level 5 in Fighting
  3020 | D:7      | Found a staircase to the Ecumenical Temple.
  3050 | Temple   | Entered the Ecumenical Temple
  4085 | D:9      | Reached *** piety under Trog
  4090 | D:9      | Reached skill level 11 in Axes
  4288 | D:9      | Reached XP level 10. HP: 59/74 MP: 10/10
  4300 | D:10     | Entered Level 10 of the Dungeon
  4309 | D:10     | Reached skill level 5 in Armour
  4640 | D:11     | Reached skill level 12 in Axes
  4655 | D:11     | Noticed a four-headed hydra
  4831 | D:12     | Got a jewelled chain mail
  4874 | D:12     | Identified the +8 chain mail "Ipytim" {rF+ rN++} (You found it on level 12 of the Dungeon)
  5120 | D:13     | Reached skill level 13 in Axes
  5368 | D:13     | Found Zekhaib's Gadget Boutique.
  5507 | D:10     | Noticed Psyche
  5528 | D:10     | Killed Psyche
  5528 | D:10     | Reached XP level 11. HP: 58/80 MP: 11/11
  5566 | D:10     | Found a staircase to the Orcish Mines.
  5668 | Orc:1    | Entered Level 1 of the Orcish Mines
  5864 | Orc:2    | Entered Level 2 of the Orcish Mines
  5865 | Orc:2    | Found a staircase to the Elven Halls.
  5869 | Orc:2    | Noticed an orc knight
  5987 | Orc:1    | Noticed an orc knight
  6014 | Orc:1    | Killed an orc knight
  6117 | Orc:1    | Noticed an orc warlord
  6192 | Orc:2    | Noticed Donald
  6219 | Orc:2    | Killed Donald
  6219 | Orc:2    | Reached skill level 14 in Axes
  6540 | Orc:2    | Noticed an ogre mage
  6560 | Orc:2    | Killed an ogre mage
  6757 | Orc:2    | Reached skill level 15 in Axes
  6770 | Orc:2    | Noticed an ogre mage
  6784 | Orc:2    | Killed an ogre mage
  6784 | Orc:2    | Reached XP level 12. HP: 77/91 MP: 12/12
  6905 | Orc:2    | Reached **** piety under Trog
  6939 | Orc:2    | Noticed an ogre mage
  6946 | Orc:2    | Killed an ogre mage
  7021 | Orc:2    | Noticed an ogre mage
  7033 | Orc:2    | Killed an ogre mage
  7132 | Orc:2    | Found Hidiy's Assorted Antiques.
  7132 | Orc:2    | Found Joaff's Weapon Boutique.
  7133 | Orc:2    | Found Jilama's Weapon Shop.
  7133 | Orc:2    | Found Agunawel's Book Shoppe.
  7146 | Orc:2    | Bought a scroll labeled DAFIRE ROFUDE for 36 gold pieces
  7147 | Orc:2    | Bought a +1 battleaxe of chopping for 233 gold pieces
  7314 | Orc:1    | Found a roughly hewn altar of Beogh.
  7776 | D:8      | Found an ancient bone altar of Kikubaaqudgha.
  7812 | D:8      | Reached skill level 16 in Axes
  8110 | D:8      | Found a staircase to the Lair.
  8115 | Lair:1   | Entered Level 1 of the Lair of Beasts
  8556 | Lair:2   | Found a hole to the Spider Nest.
  8726 | Lair:2   | Noticed an eight-headed hydra
  8824 | Lair:4   | Reached ***** piety under Trog
  8936 | Lair:5   | Found a staircase to the Slime Pits.
  8952 | Lair:5   | Reached skill level 17 in Axes
  9145 | Lair:5   | Reached XP level 13. HP: 71/96 MP: 13/13
  9544 | Lair:6   | Entered Level 6 of the Lair of Beasts
  9637 | Lair:6   | Found a dark tunnel.
  9643 | Volcano  | Entered a volcano
  9927 | Lair:6   | Reached skill level 18 in Axes
  9998 | Lair:6   | Received a gift from Trog
 10018 | Lair:6   | Noticed a dire elephant
 10031 | Lair:6   | Killed a dire elephant
 10139 | Lair:6   | Found a burning altar of Makhleb.
 10375 | Lair:6   | Found a gateway to Hell.
 10683 | Lair:5   | Reached skill level 19 in Axes
 11257 | Lair:2   | Reached XP level 14. HP: 76/103 MP: 10/14
 11889 | Lair:2   | Found a staircase to the Shoals.
 11962 | Shoals:1 | Entered Level 1 of the Shoals
 12009 | Shoals:1 | Noticed Roxanne
 12019 | Shoals:1 | Received a gift from Trog
 12281 | Shoals:2 | Reached skill level 20 in Axes
 12415 | Shoals:4 | Entered Level 4 of the Shoals
 12415 | Shoals:4 | Noticed Ilsuiw
 12929 | Shoals:4 | Killed Ilsuiw
 12938 | Shoals:4 | Reached skill level 5 in Dodging
 13525 | Shoals:4 | Reached XP level 15. HP: 71/108 MP: 11/15
 13551 | Shoals:4 | Received a gift from Trog
 14044 | Shoals:4 | Got a barnacled rune of Zot
 14547 | D:15     | Entered Level 15 of the Dungeon
 14731 | D:14     | Identified a scroll of acquirement
 14732 | D:14     | Got a jewelled ring mail
 14766 | D:14     | Identified the +2 ring mail "Kikhaiw" {rPois Str+4 Dex+4} (You acquired it on level 14 of the Dungeon)
 15033 | D:14     | Found a gate to the Vaults.
 15047 | D:14     | Reached skill level 10 in Dodging
 15082 | Vaults:1 | Entered Level 1 of the Vaults
 15760 | Vaults:1 | Received a gift from Trog
 15773 | Vaults:1 | Reached XP level 16. HP: 36/117 MP: 6/16
 15775 | Vaults:1 | HP: 8/177 [large abomination[an ironheart preserver] (19)]
 15780 | Vaults:1 | HP: 5/177 [poisoned by a ghostly deep elf death mage]
 16122 | Vaults:3 | Noticed Jorgrun
 16143 | Vaults:3 | Killed Jorgrun
 16302 | Vaults:2 | Noticed a sphinx
 16308 | Vaults:2 | Killed a sphinx
 16424 | Vaults:3 | Noticed Sojobo
 16425 | Vaults:3 | Noticed a tengu reaver
 16461 | Vaults:2 | Reached skill level 10 in Fighting
 16659 | Vaults:2 | Received a gift from Trog
 16667 | Vaults:2 | HP: 4/122 [poisoned by a vault warden]
 16668 | Vaults:2 | Succumbed to a vault warden's poison

Vault maps used:
D:1:      saegor_arrival_simple_d, minmay_misc_feat_tower,
          minmay_small_reverse_x
D:2:      kennysheep_potato
D:3:      lemuel_round_altar, first_bread, minmay_crystal_room, fedhas_altar_4
D:4:      tso_oasis_becter, serial_shops, shop, feat_on_display, uniq_pikel
D:5:      serial_shops, shop, uniq_menkaure, uniq_grinder, uniq_sigmund,
          uniq_prince_ribbit1
D:6:      nicolae_ru_the_path_less_chosen, minivault_25
D:7:      lightli_ossuary_entry_decrepit_ruins, kennysheep_nub,
          uniq_crazy_yiuf_cottage
D:8:      kennysheep_vampire_church, lair_0_dummy
D:10:     zombieorc1_lemuel, uniq_psyche
D:11:     hangedman_fish_farm, serial_bayou_crossing, uniq_josephine
D:13:     serial_shops, nicolae_shop_trees, kennysheep_small_square
D:14:     grunt_vaults_entry_tiered, minivault_24
D:15:     grunt_enter_depths_magical_seal, serial_shops, shop, elyvilon_altar_3
Temple:   dpeg_five_rooms_temple
Lair:1:   beast_lair_carwin_7
Lair:2:   beast_lair_carwin_large_1, shoals_dummy_entry,
          nicolae_spider_entry_non_spiders, infiniplex_staircase_pool_2,
          lemuel_fruit_fields
Lair:4:   kilobyte_rumbling_trees, grunt_megastairs_1
Lair:5:   kb_forest_paths, slime_dummy, beast_lair_carwin_10, grunt_megastairs_2
Lair:6:   evil_forest, basic_altar, enter_volcano_4, infiniplex_staircase_pool
Shoals:1: uniq_roxanne
Shoals:4: shoals_end_hangedman, shoal_ilsuiw, nicolae_shoals_square_sea_wall
Orc:1:    nicolae_orc_accident_1, basic_altar
Orc:2:    st_orc_ogre_mass, uniq_donald
Vaults:1: nicolae_vaults_twisting_passages, grunt_vaults_twisty, v_misc_2,
          nicolae_vaults_hallways_thing, nicolae_vaults_triangles, v_misc_14,
          v_pattern_1, ontoclasm_vaults_shuriken, v_misc_10, v_misc_16,
          ontoclasm_vaults_twist, nicolae_vaults_specimen_jars,
          ontoclasm_vaults_fault, vaults_dpeg_encased_lava, grunt_vaults_focal
Vaults:2: ontoclasm_vaults_ligature, dpeg_vaults_monster_row, v_misc_25,
          vaults_room_corners, minmay_crypt_entry_simple_corners,
          vaults_mumra_lcd, nicolae_vaults_network_quinsquares,
          hangedman_vaults_restitches, vaults_room_door_ring,
          nicolae_vaults_little_squares_6, vaults_room_corners, serial_shops,
          shop
Vaults:3: hangedman_vaults_hat, ontoclasm_vaults_eye, v_misc_25, v_misc_10,
          ontoclasm_vaults_tryst, v_misc_16, nicolae_vaults_mini_display_case,
          v_misc_13, vaults_room_semicircle, nicolae_vaults_yaktaur_gun_rack,
          vaults_mumra_minichess, ontoclasm_vaults_pinch, uniq_sojobo,
          uniq_xtahua, uniq_jorgrun
Ossuary:  ossuary_zaba_flooded
Volcano:  volcano_pools

Skill      XL: |  1  2  3  4  5  6  7  8  9 10 11 12 13 14 15 16 |
---------------+-------------------------------------------------+-----
Axes           | 3 4 5 7 9 10 11 13 15 17 19 20 | 20.1
Fighting       | 4 5 7 8 10 | 10.2
Armour         | 4 5 7 9 |  9.8
Dodging        | 6 11 13 | 13.1

Action                   |  1- 3 |  4- 6 |  7- 9 | 10-12 | 13-15 | 16-18 || total
-------------------------+-------+-------+-------+-------+-------+-------++-------
Melee: Hand axe          |    85 |    71 |   108 |       |       |       ||   264
       Bite              |    11 |     9 |    65 |   122 |   133 |    30 ||   370
       Unarmed           |     1 |       |       |       |       |       ||     1
       Whip              |       |       |   305 |       |       |       ||   305
       War axe           |       |       |    46 |   181 |       |       ||   227
       Battleaxe         |       |       |       |   716 |  1153 |   213 ||  2082
Throw: Throwing net      |       |       |       |     4 |       |       ||     4
Invok: Berserk           |     3 |     2 |     7 |    11 |    11 |     2 ||    36
       Trog's Hand       |     1 |     3 |    10 |    28 |    52 |    11 ||   105
       Brothers in Arms  |       |       |       |       |     2 |       ||     2
 Abil: End Transformatio |     1 |     2 |     7 |     7 |    21 |     2 ||    40
       Bat Form          |     1 |     2 |     7 |     7 |    21 |     2 ||    40
Evoke: Wand              |       |       |       |    12 |    19 |       ||    31
  Use: Scroll            |     2 |       |     2 |    29 |    20 |     1 ||    54
       Potion            |     4 |     4 |    24 |    39 |    67 |    12 ||   150
 Stab: Distracted        |       |       |       |     1 |       |       ||     1
       Held in net/web   |       |       |       |     2 |       |       ||     2
       Invisible         |       |       |       |       |     3 |       ||     3
Armor: Scale mail        |    42 |     2 |       |       |       |       ||    44
       Animal skin       |     1 |       |       |       |       |       ||     1
       Chain mail        |       |    54 |    21 |   464 |   290 |       ||   829
       Plate armour      |       |       |   225 |    86 |   357 |    82 ||   750
Dodge: Dodged            |    67 |    39 |   121 |   322 |   515 |    80 ||  1144
